 Dungeon Crawl Stone Soup version 0.29.1-12-g30fa7ad0bf (webtiles) character file.

Game seed: 18011108476993523337

624 EarthwalkerPL the Trooper (level 7, -3/62 HPs)
             Began as a Minotaur Fighter on Jan 6, 2023.
             Slain by an ogre
             ... wielding a +0 giant club
              (22 damage)
             ... on level 5 of the Dungeon.
             The game lasted 00:06:27 (3776 turns).

EarthwalkerPL the Trooper (Minotaur Fighter)        Turns: 3776, Time: 00:06:27

Health: -3/62      AC: 15    Str: 22    XL:     7   Next: 22%
Magic:  0/6        EV:  7    Int:  5    God:
Gold:   91         SH:  4    Dex: 10    Spells: 6/6 levels left

rFire   . . .      SeeInvis .   a - +0 war axe
rCold   . . .      Faith    .   c - +0 buckler
rNeg    . . .      Spirit   +   C - +0 plate armour
rPois   .          Reflect  .   (helmet restricted)
rElec   .          Harm     .   (no cloak)
rCorr   .          Rampage  .   A - +0 pair of gloves
Will    .....                   x - +0 pair of boots
Stlth   ..........              z - amulet of guardian spirit
HPRegen 0.20/turn               t - ring of flight
MPRegen 0.10/turn               (no ring)

@: flying
A: horns 2, retaliatory headbutt
a: no special abilities


You were on level 5 of the Dungeon.
You visited 1 branch of the dungeon, and saw 5 of its levels.

You collected 211 gold pieces.
You spent 120 gold pieces at shops.

Inventory:

Hand Weapons
 a - a +0 war axe (weapon)
Missiles
 n - 6 poisoned darts
 p - a boomerang (quivered)
 r - 2 javelins
Armour
 c - a +0 buckler (worn)
 x - a +0 pair of boots (worn)
 A - a +0 pair of gloves (worn)
 C - a +0 plate armour (worn)
Jewellery
 t - a ring of flight (left hand)
 z - an amulet of guardian spirit (around neck)
Scrolls
 h - a scroll of identify {unknown}
 j - a scroll of vulnerability {unknown}
 k - 2 scrolls of teleportation {unknown}
 l - a scroll of fear {unknown}
 m - 2 scrolls of noise {unknown}
 q - a scroll of enchant weapon {unknown}
 s - a scroll of butterflies {unknown}
 u - a scroll of brand weapon {unknown}
 v - 2 scrolls of amnesia {unknown}
 y - a scroll of poison {unknown}
Potions
 d - a potion of might
 e - 3 potions of heal wounds {unknown}
 f - a potion of curing
 g - a potion of lignification {unknown}
 o - a potion of haste {unknown}
 w - a potion of berserk rage {unknown}
 B - a potion of degeneration {unknown}


   Skills:
 * Level 5.7 Fighting
 * Level 5.1 Axes
 * Level 5.6 Armour
 * Level 3.7 Dodging
 + Level 4.7 Shields


You had 6 spell levels left.
You didn't know any spells.
Your spell library was empty.

Dungeon Overview and Level Annotations

Branches:
Dungeon (5/15)
 Temple: D:4-7

Altars:
Gozag
Sif Muna
Vehumet

Shops:
D:4 *

Annotations:
D:3 3 runed translucent doors, Qrupt's ghost, amateur GrFi; ymhsbmbesitwf's ghost, amateur OgBr


Innate Abilities, Weirdness & Mutations

You have a pair of horns on your head.
You reflexively headbutt those who attack you in melee.


Message History

Magic restored.
n - 6 poisoned darts (gained 2)
Things that are here:
a +0 club; a +0 ring mail; an orc corpse An ufetubus comes into view.
Found a plate armour and a robe.
You block the ufetubus's attack. The ufetubus barely misses you.
You completely miss the ufetubus. Your headbutt misses the ufetubus.
The ufetubus barely misses you. You furiously retaliate!
You headbutt the ufetubus!
You kill the ufetubus!
No target in view!
No target in view!
Found 12 gold pieces.
You see here a +0 plate armour.
C - a +0 plate armour You start removing your armour.
You continue taking off your +0 chain mail. x4
You finish taking off your +0 chain mail.
You start putting on your armour.
You continue putting on your +0 plate armour. x5
You finish putting on your +0 plate armour.
You now have 75 gold pieces (gained 12).
You now have 91 gold pieces (gained 16).
Found an escape hatch in the floor.
You drop a +0 scale mail.
You drop a +0 chain mail.
An ogre comes into view. It is wielding a +0 giant club.
The ogre hits you with a +0 giant club!
You hit the ogre but do no damage. Your headbutt misses the ogre.
The ogre hits you with a +0 giant club!
You slash the ogre!
The ogre is moderately wounded.
The ogre hits you with a +0 giant club!!
You are too injured to fight recklessly!
You hit the ogre.
You headbutt the ogre, but do no damage.
The ogre is moderately wounded.
The ogre hits you with a +0 giant club!!
You die...

.# ... .# ...###. .#
...##..## # #
.######......... .# ..
............ ... .##...
........... ..##......
.......######. .........
.............###.O.>....
.......#####....@.......
.......### ####.........
.........# #.........#.
......[..####.##.....##
.........#..[.#.......#
...........####.......#
###......### .......#
#......# ##......#
#......# #...#..


You could see an ogre.

Vanquished Creatures
  Sigmund (D:4)
  An ogre (D:4)
  3 orc priests (D:4)
  2 hounds
  An iguana (D:5)
  2 orc wizards (D:4)
  4 adders
  An ufetubus (D:5)
  3 worms
  3 dart slugs
  17 orcs
  6 endoplasms
  4 giant cockroaches
  11 goblins
  9 hobgoblins
  3 quokkas
  5 ball pythons
  3 bats
  4 frilled lizards
  6 kobolds
  4 rats
93 creatures vanquished.

Notes
Turn   | Place    | Note
-------+----------+-------------------------------------------
     0 | D:1      | EarthwalkerPL the Minotaur Fighter began the quest for the
                  | Orb.
     0 | D:1      | Reached XP level 1. HP: 19/19 MP: 0/0
    64 | D:1      | Found a faded altar of an unknown god.
   143 | D:1      | Reached XP level 2. HP: 27/27 MP: 1/1
   509 | D:1      | Reached skill level 1 in Dodging
   720 | D:2      | Found a radiant altar of Vehumet.
   765 | D:2      | Reached XP level 3. HP: 33/33 MP: 2/2
  1615 | D:3      | Reached XP level 4. HP: 33/40 MP: 3/3
  1784 | D:3      | Found a runed translucent gate.
  1840 | D:3      | Found a runed translucent gate.
  1841 | D:3      | Found a runed translucent gate.
  1842 | D:3      | Noticed Qrupt's ghost (amateur GrFi)
  1842 | D:3      | Noticed ymhsbmbesitwf's ghost (amateur OgBr)
  1964 | D:3      | Found a shimmering blue altar of Sif Muna.
  2300 | D:4      | Noticed Sigmund
  2488 | D:4      | Killed Sigmund
  2489 | D:4      | Reached XP level 5. HP: 28/47 MP: 4/4
  2490 | D:4      | Noticed an ogre
  2620 | D:4      | Killed an ogre
  2621 | D:4      | Reached skill level 5 in Fighting
  2621 | D:4      | Reached skill level 5 in Armour
  2621 | D:4      | Reached XP level 6. HP: 19/56 MP: 5/5
  2985 | D:4      | Found an opulent altar of Gozag.
  3160 | D:4      | Found Vauceah's Assorted Antiques.
  3208 | D:4      | Reached XP level 7. HP: 42/61 MP: 6/6
  3221 | D:4      | Reached skill level 5 in Axes
  3515 | D:4      | Bought a thin beryl amulet for 120 gold pieces
  3549 | D:5      | Entered Level 5 of the Dungeon
  3776 | D:5      | Slain by an ogre

Illustrated notes

Levels and vault maps discovered:
D:1:      psy_arrival_dodecagon, layout_loops_ring,
          hellmonk_ecumenical_altar_pennies_from_heaven
D:2:      layout_basic, basic_altar
D:3:      layout_rooms, nicolae_sif_muna_little_library,
          gammafunk_ghost_cemetery
D:4:      layout_basic, mainiacjoe_overflow_small_starburst, serial_shops,
          nicolae_shop_behind_doors, uniq_sigmund
D:5:      layout_rooms, serial_bayou_pond_b, supply_closet_lemuel,
          minmay_statues_item

Skill      XL: |  1  2  3  4  5  6  7 |
---------------+----------------------+-----
Dodging        | 1 2 3 |  3.7
Fighting       | 4 5 |  5.7
Armour         | 4 5 |  5.6
Axes           | 3 4 5 |  5.1
Shields        | 4 |  4.7

Action                   |  1- 3 |  4- 6 |  7- 9 || total
-------------------------+-------+-------+-------++-------
Melee: War axe           |    87 |    86 |    27 ||   200
       Headbutt          |     8 |    19 |     6 ||    33
Throw: Boomerang         |       |     5 |       ||     5
       Dart              |       |     4 |       ||     4
Armor: Scale mail        |    22 |       |       ||    22
       Chain mail        |    19 |    30 |     7 ||    56
Dodge: Dodged            |    47 |    29 |     6 ||    82
Block: Buckler           |    17 |    12 |     5 ||    34
